 Dungeon Crawl Stone Soup version 0.29.0-11-gd7f09526c8 (webtiles) character file.

Game seed: 13084930812403126091

520 BeingJoeMalik the Carver (level 7, 0/40 HPs)
             Began as a Tengu Gladiator on Sept 3, 2022.
             Slain by Pikel
             ... wielding a +2 whip of freezing
              (1 damage)
             ... on level 3 of the Dungeon.
             The game lasted 00:09:07 (4887 turns).

BeingJoeMalik the Carver (Tengu Gladiator)          Turns: 4887, Time: 00:09:07

Health: 0/40       AC:  3    Str: 14    XL:     7   Next: 21%
Magic:  8/8        EV: 16    Int:  9    God:
Gold:   190        SH:  0    Dex: 23    Spells: 6/6 levels left

rFire   . . .      SeeInvis .   a - +0 long sword (vorpal)
rCold   . . .      Faith    .   (no shield)
rNeg    . . .      Spirit   .   b - +0 leather armour
rPois   .          Reflect  .   c - +0 hat
rElec   .          Harm     .   (no cloak)
rCorr   .          Rampage  .   (no gloves)
Will    .....                   (boots unavailable)
Stlth   ++........              (no amulet)
HPRegen 0.13/turn               k - +6 ring of dexterity
MPRegen 0.11/turn               (no ring)

@: flying quickly and evasively, quick
A: beak, talons 3, nimble flight
a: no special abilities


You were on level 3 of the Dungeon.
You visited 1 branch of the dungeon, and saw 4 of its levels.

You collected 190 gold pieces.

Inventory:

Hand Weapons
 a - a +0 vorpal long sword (weapon)
Missiles
 d - a throwing net (quivered)
 e - a javelin
 j - 9 poisoned darts
Armour
 b - a +0 leather armour (worn)
 c - a +0 hat (worn)
Jewellery
 k - a +6 ring of dexterity (left hand)
Wands
 l - a wand of polymorph (10)
Scrolls
 g - 3 scrolls of teleportation
 o - a scroll of noise
 r - a scroll of blinking
Potions
 f - a potion of cancellation {unknown}
 i - a potion of invisibility
 m - 3 potions of curing
 q - 2 potions of mutation
 s - a potion of might {unknown}


   Skills:
 - Level 2.0 Fighting
 + Level 8.8 Long Blades
 - Level 2.0 Throwing
 - Level 3.2 Dodging


You had 6 spell levels left.
You didn't know any spells.
Your spell library contained the following spells:

 Spells                   Type           Power      Damage    Failure   Level
 Freeze                   Ice            0%         1d3       45%         1
 Blink                    Tloc           0%         N/A       61%         2
 Frozen Ramparts          Ice            0%         1d1       83%         3
 Lesser Beckoning         Tloc           0%         N/A       83%         3
 Hailstorm                Conj/Ice       0%         3d3       99%         4
 Manifold Assault         Tloc           0%         N/A       100%        5


Dungeon Overview and Level Annotations

Branches:
Dungeon (4/15)
 Temple: D:4-7

Altars:
Makhleb
Sif Muna

Annotations:
D:2 1 runed translucent door, Crazy Yiuf
D:3 Pikel
D:4 Grinder


Innate Abilities, Weirdness & Mutations

You have a beak for a mouth.
You have claws for feet.
Your magical nature lets you fly swiftly and evasively.


Message History

Pikel freezes you.
You slash Pikel! Your kick misses Pikel. You peck Pikel.
Pikel is heavily wounded.
Pikel barely misses you.
Pikel hits you with a +2 whip of freezing.
Pikel freezes you.
You fly upwards.
There is a stone staircase leading down, spattered with blood here.
You are too injured to fight recklessly!
You hit Pikel. You claw Pikel, but do no damage.
Pikel is heavily wounded.
Pikel completely misses you.
Unknown command.
You barely miss Pikel. Your kick misses Pikel.
You peck Pikel, but do no damage.
Pikel is heavily wounded.
Pikel says, "Hell isn't that bad."
Pikel misses you.
You closely miss Pikel. You claw Pikel. You peck Pikel, but do no damage.
Pikel is heavily wounded.
Pikel hits you with a +2 whip of freezing.
* * * LOW HITPOINT WARNING * * *
Pikel freezes you.
* * * LOW HITPOINT WARNING * * *
Throw: 3 throwing nets
Press: ? - help, Q - select action, (/) - cycle Shift-Dir - straight line, f - Pikel
Aim: Pikel, wielding a +2 whip of freezing and wearing a +0 robe (heavily wounded, 59% to hit)
You throw a throwing net. The throwing net closely misses Pikel.
Pikel hits you with a +2 whip of freezing.
* * * LOW HITPOINT WARNING * * *
Pikel freezes you.
* * * LOW HITPOINT WARNING * * *
Unknown command.
Throw: 2 throwing nets
Press: ? - help, Q - select action, (/) - cycle Shift-Dir - straight line, f/p - Pikel
Aim: Pikel, wielding a +2 whip of freezing and wearing a +0 robe (heavily wounded, 59% to hit)
You throw a throwing net.
The throwing net completely misses Pikel.
Pikel hits you with a +2 whip of freezing.
You die...

#......# #...............#
#......# #..........####.#
#......# #..........####.#
)......###..........#....#
#>....)##...........#.####
#...(...')..........#.####
#......##..........##....#
#......##..........#####.#
##############..@..# #.#
#..K..# #.# ####
############# #.#
...#####.........# #.#
..............##.#
#.########
.#.#####.####.##.#
#........#
.#.....#.####.##.#
########.#
.#####.#.##<...#.# #.#
.....#.#.#.....#.# #.#


You could see Pikel.

Vanquished Creatures
  Sigmund (D:2)
  2 lemures (D:3)
  A hound (D:4)
  2 orc priests (D:3)
  Jessica (D:3)
  Terence (D:2)
  6 adders
  4 gnolls
  A white imp (D:3)
  An ufetubus (D:3)
  A worm (D:2)
  5 dart slugs
  10 orcs (D:3)
  8 bats
  6 endoplasms
  4 giant cockroaches
  6 goblins
  7 hobgoblins
  6 jackals
  4 quokkas
  7 ball pythons
  A frilled lizard (D:1)
  6 kobolds
  3 rats
94 creatures vanquished.

Notes
Turn   | Place    | Note
-------+----------+-------------------------------------------
     0 | D:1      | BeingJoeMalik the Tengu Gladiator began the quest for the
                  | Orb.
     0 | D:1      | Reached XP level 1. HP: 12/12 MP: 2/2
   187 | D:1      | Reached XP level 2. HP: 16/17 MP: 3/3
   211 | D:1      | Reached skill level 4 in Long Blades
   811 | D:1      | Reached XP level 3. HP: 21/21 MP: 4/4
  1174 | D:2      | Noticed Terence
  1174 | D:2      | Found a faded altar of an unknown god.
  1189 | D:2      | Killed Terence
  1190 | D:2      | Reached skill level 5 in Long Blades
  1190 | D:2      | Reached XP level 4. HP: 10/26 MP: 5/5
  1401 | D:2      | Noticed Sigmund
  1419 | D:2      | Killed Sigmund
  1420 | D:2      | Reached skill level 7 in Long Blades
  1420 | D:2      | Gained mutation: Your magical nature lets you fly swiftly
                  | and evasively. [Tengu growth]
  1420 | D:2      | Reached XP level 5. HP: 17/30 MP: 6/6
  1420 | D:2      | Reached XP level 6. HP: 20/35 MP: 7/7
  1917 | D:2      | Found a runed translucent door.
  1918 | D:2      | Noticed Crazy Yiuf
  2599 | D:3      | Found a burning altar of Makhleb.
  2776 | D:3      | Noticed Jessica
  2779 | D:3      | Killed Jessica
  2790 | D:3      | Reached skill level 8 in Long Blades
  3834 | D:3      | Reached XP level 7. HP: 30/40 MP: 8/8
  4389 | D:4      | Noticed Pikel
  4617 | D:4      | Found a shimmering blue altar of Sif Muna.
  4667 | D:4      | Noticed Grinder
  4886 | D:3      | HP: 2/40 [Pikel/+2 whip of freezing (5)]
  4887 | D:3      | Slain by Pikel

Illustrated notes

Levels and vault maps discovered:
D:1:      amcnicky_arrival_choice, layout_loops_corners
D:2:      layout_loops_cross, nicolae_ecumenical_pavilion,
          uniq_crazy_yiuf_cottage, uniq_sigmund, uniq_terence
D:3:      layout_basic, mainiacjoe_overflow_paths, uniq_jessica
D:4:      layout_rooms, amcnicky_altar_gilded, guppyfry_early_orc_mine,
          uniq_pikel, uniq_grinder

Skill      XL: |  1  2  3  4  5  6 |
---------------+-------------------+-----
Long Blades    | 4 5 7 8 |  8.8
Fighting       | |  2.0
Throwing       | |  2.0
Dodging        | |  3.2

Action                   |  1- 3 |  4- 6 |  7- 9 || total
-------------------------+-------+-------+-------++-------
Melee: Long sword        |    59 |    96 |    57 ||   212
       Kick              |    15 |    24 |    17 ||    56
       Peck              |    10 |    16 |    11 ||    37
       Punch             |       |     1 |     1 ||     2
Throw: Dart              |     4 |       |       ||     4
       Throwing net      |       |     2 |     2 ||     4
  Use: Scroll            |       |       |     8 ||     8
 Stab: Sleeping          |     2 |     9 |     1 ||    12
       Held in net/web   |       |     1 |       ||     1
Armor: Leather armour    |    11 |    17 |     3 ||    31
Dodge: Dodged            |    37 |    51 |    47 ||   135
